 Dungeon Crawl Stone Soup version 0.30.1-4-g462c640d31 (webtiles) character file.

Game seed: 1372976820659059654

51 croobank the Caller (level 3, 0/27 HPs)
             Began as an Armataur Summoner on Aug 26, 2023.
             Slain by a gnoll
             ... wielding a +0 flail
              (7 damage)
             ... on level 2 of the Dungeon.
             The game lasted 00:05:43 (1704 turns).

croobank the Caller (Armataur Summoner)             Turns: 1704, Time: 00:05:44

Health: 0/27       AC:  6    Str: 13    XL:     3   Next: 57%
Magic:  3/6        EV: 10    Int: 17    God:
Gold:   89         SH:  0    Dex: 10    Spells: 3/6 levels left

rFire   . . .        e - +2 dagger (vamp)
rCold   . . .        (no shield)
rNeg    . . .        a - +1 robe
rPois   .            j - +0 helmet
rElec   .            (no cloak)
rCorr   .            (no gloves)
SInv    .            (no barding)
Will    .....        f - amulet of regeneration
Stlth   ++           (no ring)
HPRegen 1.04/turn    (no ring)
MPRegen 0.10/turn

%: roll
@: no status effects
A: large, rugged brown scales 3, deformed body, armoured tail, roll, long
tongue, awkward tongue
a: no special abilities


You were on level 2 of the Dungeon.
You visited 1 branch of the dungeon, and saw 2 of its levels.

You collected 89 gold pieces.

Inventory:

Hand Weapons
 e - a +2 vampiric dagger (weapon)
Missiles
 d - 6 poisoned darts
Armour
 a - a +1 robe (worn)
 j - a +0 helmet (worn)
Jewellery
 f - an amulet of regeneration (around neck)
Potions
 b - a potion of magic
 c - a potion of ambrosia
 g - a potion of flight {unknown}
 h - a potion of lignification
 k - a potion of invisibility {unknown}


   Skills:
 + Level 1.9 Dodging
 + Level 3.0 Stealth
 + Level 2.2 Spellcasting
 + Level 3.6 Summonings


You had 3 spell levels left.
You knew the following spells:

 Your Spells              Type           Power      Damage    Failure   Level
a - Summon Small Mammal   Summ           56%        N/A       4%          1
b - Call Imp              Summ           28%        N/A       6%          2

Your spell library contained the following spells:

 Spells                   Type           Power      Damage    Failure   Level
 Call Canine Familiar     Summ           14%        N/A       13%         3
 Summon Guardian Golem    Hex/Summ       8%         N/A       26%         3
 Summon Lightning Spire   Summ/Air       8%         N/A       65%         4


Dungeon Overview and Level Annotations

Branches:
Dungeon (2/15)

Altars:


Innate Abilities, Weirdness & Mutations

You are completely covered in rugged brown scales. (AC +3, +7% HP)
Armour fits poorly on your strangely shaped body.
You have a long armoured tail.
You roll when moving toward enemies. (Rampage)
Your long tongue fully drains potion bottles. (2x potion effects)
Your tongue gives you trouble enunciating. (1.5x scroll delay)


Message History

Your cerulean imp hits the ball python with a -3 spear.
The ball python dies!
Casting: Summon Small Mammal (safe; 4% risk of failure)
Confirm with . or Enter, or press ? or * to list all spells.
Found a fuming silvery potion.
Found a stone staircase leading down.
Found a hand axe.
k - a fuming silvery potion You aren't carrying any scrolls.
Unknown command.
You start putting on your amulet.
You continue putting on your amulet of regeneration. x5
Your cerulean imp disappears in a puff of smoke!
You finish putting on your amulet of regeneration.
The amulet throbs as it attunes itself to your uninjured body.
f - an amulet of regeneration (around neck)
You drop an amulet of the acrobat.
Your bat disappears in a puff of smoke!
Your quokka disappears in a puff of smoke!
A rat and a gnoll come into view.
The gnoll shouts!
You hear a shout!
A ball python comes into view.
You roll towards the gnoll!
The gnoll hits you with a +0 flail.
You hit the gnoll.
The gnoll is moderately wounded.
The gnoll hits you with a +0 flail!
Casting: Summon Small Mammal (safe; 4% risk of failure)
Confirm with . or Enter, or press ? or * to list all spells.
The gnoll closely misses you.
Casting: Summon Small Mammal (safe; 4% risk of failure)
Confirm with . or Enter, or press ? or * to list all spells.
A tiny devil pulls itself out of the air.
The gnoll hits you with a +0 flail!
* * * LOW HITPOINT WARNING * * *
A gnoll comes into view. It is wielding a +0 whip.
Your quokka barely misses the gnoll.
You hit the gnoll.
You feel better.
The gnoll is heavily wounded.
The gnoll hits you with a +0 flail!
You die...

.# ###. ........>.. .#
#g........ .#
...)..#..####.## #r#
#..........#
#######g###..........##
.....5.@#............8#
#######.#.#..........#
######.#.#."........#
.............#+###...##
#####.#.#.##.........8#
#.#.#.##....###..## .
..#.##.....##.?#
...............##..##
#.#.#.####.....##...#


You could see 2 gnolls, a friendly cerulean imp (summoned) and a friendly quokka
(summoned).

Vanquished Creatures
  Robin (D:2)
  An endoplasm (D:1)
  A giant cockroach (D:1)
  A goblin (D:2)
  A quokka (D:1)
  A ball python (D:1)
  A bat (D:1)
  2 rats
9 creatures vanquished.

Vanquished Creatures (collateral kills)
  A dart slug (D:1)
  An endoplasm (D:1)
  8 goblins
  5 hobgoblins
  A quokka (D:1)
  3 ball pythons
  2 frilled lizards (D:1)
  2 kobolds (D:1)
  2 rats (D:1)
25 creatures vanquished.

Grand Total: 34 creatures vanquished

Notes
Turn   | Place    | Note
-------+----------+-------------------------------------------
     0 | D:1      | croobank the Armataur Summoner began the quest for the Orb.
     0 | D:1      | Reached XP level 1. HP: 14/14 MP: 3/3
   512 | D:1      | Reached XP level 2. HP: 21/21 MP: 4/4
   515 | D:1      | Learned a level 2 spell: Call Imp
  1375 | D:2      | Noticed Robin
  1524 | D:2      | Found a faded altar of an unknown god.
  1526 | D:2      | Reached XP level 3. HP: 27/27 MP: 1/6
  1585 | D:2      | Killed Robin
  1704 | D:2      | Slain by a gnoll

Illustrated notes

Levels and vault maps discovered:
D:1:      eino_arrival_cavern_a, layout_loops_ring
D:2:      layout_basic, serial_shops, shop, nicolae_ecumenical_oubliette,
          serial_corexii_hall, corexii_hall_statues_t,
          chequers_hall_statues_wall_a, uniq_robin, uniq_sigmund

Skill      XL: |  1  2  3 |
---------------+----------+-----
Spellcasting   | 2 |  2.2
Stealth        | 3 |  3.0
Dodging        | |  1.9
Summonings     | |  3.6

Action                     || total
---------------------------++-------
  Melee: Dagger            ||    58
         Tailslap          ||     4
   Cast: Summon Small Mamm ||    34
         Call Imp          ||    12
    Use: Scroll            ||     5
   Stab: Sleeping          ||     1
 Armour: Robe              ||    28
  Dodge: Dodged            ||    28
